 Dungeon Crawl Stone Soup version 0.19-a0 (webtiles) character file.

5386 esc the Blocker (level 10, 80/80 HPs)
             Began as a Formicid Fighter on Apr 27, 2016.
             Was an Elder of Okawaru.
             Took a swim in molten lava
             ... on level 8 of the Dungeon.
             The game lasted 00:57:47 (9733 turns).

esc the Blocker (Formicid Fighter)                  Turns: 9733, Time: 00:57:48

Health: 80/80      AC:  6    Str: 20    XL:     10   Next: 98%
Magic:  13/13      EV: 18    Int: 10    God:    Okawaru [****..]
Gold:   157        SH: 12    Dex: 23    Spells: 0 memorised, 9 levels left

rFire  + . .     SeeInvis +     d - +6 mace "Uciah" {drain, rN+ Int+3 Dex+6}
rCold  . . .     Gourm    .     B - +2 robe {rF+}
rNeg   + . .     Faith    .     c - +0 shield
rPois  +         Spirit   .     (helmet unavailable)
rElec  .         Dismiss  +     m - +0 cloak
rCorr  .         Reflect  .     E - +0 pair of gloves
SustAt .         Harm     .     (no boots)
MR     +....                    x - amulet of dismissal
Stlth  ++........               (no ring)
                                n - +4 ring of dexterity

@: somewhat resistant to hostile enchantments, unstealthy
A: permanent stasis, dig shafts and tunnels, four strong arms, antennae 3,
talons 2, deformed body, deterioration 1, poison resistance, weak 1, subdued
magic 1
a: Dig, Shaft Self, Heroism, Renounce Religion


You were on level 8 of the Dungeon.
You worshipped Okawaru.
Okawaru was greatly pleased with you.
You were not hungry.

You visited 2 branches of the dungeon, and saw 9 of its levels.

You collected 346 gold pieces.
You spent 189 gold pieces at shops.

Inventory:

Hand Weapons
 a - a +0 long sword
 d - the +6 mace "Uciah" (weapon) {drain, rN+ Int+3 Dex+6}
   (You found it on level 5 of the Dungeon)

   A truly terrible weapon, it drains the life of those it strikes.
   It affects your intelligence (+3).
   It affects your dexterity (+6).
   It protects you from negative energy.
Missiles
 q - 202 stones (quivered)
 y - 6 curare-tipped needles
 G - 3 tomahawks
Armour
 c - a +0 shield (worn)
 m - a +0 cloak (worn)
   (You found it on level 5 of the Dungeon)
 p - a +1 leather armour of cold resistance
   (You found it on level 3 of the Dungeon)
 B - a +2 robe of fire resistance (worn)
   (You took it off Pikel on level 8 of the Dungeon)
 E - a +0 pair of gloves (worn)
   (You found it on level 7 of the Dungeon)
Jewellery
 k - an uncursed amulet of magic regeneration
   (You found it on level 1 of the Dungeon)
 n - a +4 ring of dexterity (left hand)
   (You found it on level 1 of the Dungeon)
 x - an amulet of dismissal (around neck)
   (You found it on level 5 of the Dungeon)
 z - an uncursed amulet of harm
   (You found it on level 6 of the Dungeon)
Wands
 b - a wand of lightning (2/15)
   (You took it off an orc on level 7 of the Dungeon)
 r - a wand of digging (5/24)
   (You found it on level 8 of the Dungeon)
 D - a wand of lightning (2/15)
   (You found it on level 8 of the Dungeon)
Scrolls
 l - 2 scrolls of remove curse
 s - 5 scrolls of fear
 C - a scroll of magic mapping {!r}
 F - a scroll of recharging
Potions
 e - 2 potions of brilliance
 i - 3 potions of curing
 u - a potion of agility
 w - 2 potions of heal wounds
Comestibles
 f - 6 bread rations {@e1}
 g - 3 meat rations {@e2}
 h - 8 beef jerkies
 j - 5 slices of pizza
 o - 12 fruits
 A - 9 royal jellies


   Skills:
 + Level 7.9 Fighting
 + Level 7.2 Long Blades
 + Level 7.9 Armour
 + Level 6.2 Dodging
 + Level 8.9 Shields
 + Level 4.5 Invocations


You had 9 spell levels left.
You didn't know any spells.

Dungeon Overview and Level Annotations

Branches:
Dungeon (8/15)             Temple (1/1) D:6            Lair (0/8) D:8

Altars:
Cheibriados
Dithmenos
Gozag
Kikubaaqudgha
Makhleb
Okawaru
Pakellas
Qazlal
Ru
Trog
Xom
Yredelemnul

Shops:
D:5 [   D:6 %


Innate Abilities, Weirdness & Mutations

You are under a permanent stasis effect.
You can dig through walls and to a lower floor.
Your four strong arms can wield two-handed weapons with a shield.
You have a pair of large antennae on your head (SInv).
You have razor-sharp toenails.
Armour fits poorly on your strangely shaped body.
Your body sometimes deteriorates upon taking damage.
Your system is resistant to poisons.
You are weak. (Str -2)
Your spells are a little easier to cast, but a little less powerful.


Message History

The stone hits the plant but does no damage.
Aim: a plant You throw a stone.
The stone hits the plant but does no damage.
Aim: a plant You throw a stone.
The stone hits the plant but does no damage.
Aim: a plant You throw a stone.
The stone hits the plant but does no damage.
Aim: a plant You throw a stone.
The stone hits the plant but does no damage.
Aim: a plant You throw a stone.
The stone hits the plant but does no damage.
Aim: a plant You throw a stone.
The stone hits the plant but does no damage.
Aim: a plant You throw a stone.
The stone hits the plant but does no damage.
Aim: a plant (black smoke)
You throw a stone.
The stone hits the plant but does no damage.
Aim: a plant You throw a stone.
The stone hits the plant but does no damage.
Okay, then.
Aim: a plant You throw a stone.
The stone hits the plant but does no damage.
Okay, then.
Unknown command.
Aim: a plant You throw a stone.
The stone hits the plant but does no damage.
Aim: a plant You throw a stone.
The stone hits the plant but does no damage.
Aim: a plant You throw a stone.
The stone hits the plant but does no damage.
Aim: a plant You throw a stone.
The stone hits the plant but does no damage.
Aim: a plant You throw a stone.
The stone hits the plant but does no damage.
Aim: a plant You throw a stone.
The stone hits the plant but does no damage.
Okay, then.
Aim: a plant You throw a stone.
The stone hits the plant but does no damage.
Aim: a plant (black smoke)
You throw a stone.
The stone hits the plant but does no damage.
Aim: a plant You throw a stone.
The stone hits the plant but does no damage.
Aim: a plant You throw a stone.
The stone hits the plant but does no damage.
Aim: a plant You throw a stone.
The stone hits the plant but does no damage.
Drink which item? (? for menu, Esc to quit)
You can't drink that!
You see here a scroll of teleportation.
Drink which item? (? for menu, Esc to quit)
You feel very buoyant.
You fly up into the air.
You hit the plant but do no damage. You claw the plant, but do no damage.
You hit the plant but do no damage. You claw the plant, but do no damage.
You sock the plant! You sock the plant! You claw the plant, but do no damage.
You hit the plant. You claw the plant, but do no damage.
You hit the plant but do no damage. You claw the plant, but do no damage.
You hit the plant but do no damage. You claw the plant, but do no damage.
You hit the plant but do no damage. You claw the plant. You sock the plant!
You claw the plant, but do no damage. You hit the plant but do no damage.
You claw the plant, but do no damage. You hit the plant but do no damage.
You claw the plant, but do no damage. You sock the plant!
You claw the plant, but do no damage. You hit the plant but do no damage.
You claw the plant, but do no damage.
Careful!
You are starting to lose your buoyancy.
You sock the plant! You claw the plant, but do no damage. You hit the plant.
You claw the plant, but do no damage. You hit the plant but do no damage.
You claw the plant, but do no damage. You hit the plant but do no damage.
You claw the plant. You hit the plant but do no damage.
You hit the plant but do no damage. You claw the plant, but do no damage.
You hit the plant.
You destroy the plant!
You float gracefully downwards.
You fall into the lava!
The lava burns you to a cinder!
You die...

≈≈## ##≈≈≈≈≈....###..##.###.
.≈≈## ##≈≈......#####.###"# #.
..≈≈## ##≈≈...########.####.###.
...≈≈####≈≈...## #...####...##.
§§..≈≈##≈≈..?≈≈## #........#....
§≈...≈##≈...≈§§§## #.######...###
§§#..≈##≈..#≈§§≈≈###.# ##.##
§###"≈##≈.###≈§§≈§##'## #.# #
#.≈≈≈≈.# ##§§@≈P#..## #.#
#..≈≈..# ##§≈(P#...## #.###
#......# ##PP[#....## #.#.##
#####...!###########.....###....#
.........................'.......
.########....###......{..###.....
.# ##.#.# ##.......## #.#..# .#
###.# ##...).## #...## .##
#####.# ##...## ####.#


There were no monsters in sight!

Vanquished Creatures
  Pikel (D:8)
  Psyche (D:8)
  Prince Ribbit (D:8)
  Grum (D:8)
  A wyvern (D:8)
  A hippogriff (D:7)
  Edmund (D:4)
  Menkaure (D:7)
  A soldier ant (D:8)
  A water moccasin (D:6)
  An orc warrior (D:8)
  A sky beast (D:6)
  2 ice beasts
  A wasp (D:8)
  A phantom (D:5)
  A necrophage (D:7)
  A slave (D:8)
  3 centaurs
  3 wolves (D:8)
  4 ogres
  A big kobold (D:7)
  4 giant frogs
  2 scorpions
  4 crimson imps
  5 howler monkeys
  A wasp zombie (D:8)
  9 orc priests
  2 hounds
  2 jellies (D:8)
  7 orc wizards
  A centaur skeleton (D:6)
  2 giant frog skeletons
  Natasha (thrice) (D:4)
  Ijyb (D:4)
  An iguana (D:5)
  8 worker ants
  2 killer bee zombies
  A worker ant zombie (D:8)
  6 gnolls
  A river rat (D:4)
  7 adders
  3 shadow imps
  4 oozes
  2 adder skeletons (D:8)
  A dart slug (D:2)
  2 worms (D:2)
  4 giant geckos
  28 orcs
  3 giant cockroaches
  17 goblins
  6 hobgoblins
  10 jackals
  11 kobolds
  4 ball pythons
  10 bats
  A giant gecko skeleton (D:4)
  13 giant newts
  A jackal skeleton (D:4)
  A quokka zombie (D:8)
  11 rats
  A plant (D:8)
231 creatures vanquished.

Vanquished Creatures (others)
  A giant frog zombie (D:8)
  A shadow imp (D:8)
  An orc (D:7)
3 creatures vanquished.

Grand Total: 234 creatures vanquished

Notes
Turn   | Place    | Note
--------------------------------------------------------------
     0 | D:1      | esc the Formicid Fighter began the quest for the Orb.
     0 | D:1      | Reached XP level 1. HP: 18/18 MP: 1/1
    87 | D:1      | Reached XP level 2. HP: 17/24 MP: 2/2
   684 | D:1      | Reached XP level 3. HP: 26/29 MP: 3/3
  1160 | D:2      | Found a bloodstained altar of Trog.
  1336 | D:2      | Reached skill level 1 in Dodging
  1556 | D:2      | Reached XP level 4. HP: 35/35 MP: 4/4
  1734 | D:2      | Reached skill level 4 in Shields
  2117 | D:3      | Found an opulent altar of Gozag.
  2235 | D:3      | Reached skill level 4 in Armour
  2235 | D:3      | Reached XP level 5. HP: 18/42 MP: 5/5
  2575 | D:3      | Noticed an ogre
  2581 | D:3      | Killed an ogre
  2581 | D:3      | Reached skill level 4 in Fighting
  2581 | D:3      | Reached skill level 3 in Long Blades
  2585 | D:3      | Reached skill level 2 in Dodging
  2653 | D:3      | Reached XP level 6. HP: 44/48 MP: 6/6
  3028 | D:4      | Noticed Edmund
  3037 | D:4      | Gained mutation: You are frail (-10% HP). [potion of mutation]
  3037 | D:4      | Gained mutation: You are resistant to hostile enchantments. [potion of mutation]
  3037 | D:4      | Gained mutation: Potions and wands are less effective at restoring your health. [potion of mutation]
  3073 | D:4      | HP: 7/43 [Edmund/flail of crushing (5)]
  3105 | D:4      | Lost mutation: Potions and wands are less effective at restoring your health. [potion of cure mutation]
  3105 | D:4      | Lost mutation: You are resistant to hostile enchantments. [potion of cure mutation]
  3105 | D:4      | Lost mutation: You are frail (-10% HP). [potion of cure mutation]
  3221 | D:4      | Noticed Natasha
  3583 | D:4      | Found a snail-covered altar of Cheibriados.
  3739 | D:4      | Noticed Ijyb
  3783 | D:4      | HP: 12/49 [Ijyb (1)]
  3787 | D:4      | Killed Ijyb
  3787 | D:4      | Reached XP level 7. HP: 21/55 MP: 7/7
  4279 | D:4      | Killed Edmund
  4279 | D:4      | Reached skill level 3 in Dodging
  4279 | D:4      | Reached skill level 5 in Shields
  4436 | D:4      | Reached skill level 4 in Long Blades
  4436 | D:4      | Reached skill level 5 in Armour
  4509 | D:4      | HP: 12/55 [gnoll/flail (9)]
  4519 | D:4      | HP: 20/82 [gnoll/whip (1)]
  4520 | D:4      | Reached skill level 5 in Fighting
  4524 | D:4      | HP: 19/84 [gnoll/spear (3)]
  4535 | D:4      | HP: 10/56 [gnoll/spear (5)]
  4553 | D:4      | HP: 11/56 [gnoll/club (2)]
  4555 | D:4      | Reached XP level 8. HP: 13/62 MP: 8/8
  4819 | D:4      | Killed Natasha
  4919 | D:4      | Noticed Natasha
  4927 | D:4      | Killed Natasha
  5070 | D:4      | Noticed Natasha
  5075 | D:4      | Killed Natasha
  5157 | D:5      | Entered Level 5 of the Dungeon
  5328 | D:5      | Reached skill level 6 in Shields
  5347 | D:5      | Found a basalt altar of Yredelemnul.
  5419 | D:5      | Got a warped mace
  5427 | D:5      | Identified the +6 mace "Uciah" {drain, rN+ Int+3 Dex+6} (You found it on level 5 of the Dungeon)
  5484 | D:5      | Reached skill level 4 in Dodging
  5577 | D:5      | Found Pufath's Antique Armour Emporium.
  5600 | D:5      | Found a shimmering altar of Xom.
  5605 | D:5      | Bought an encrusted leather armour for 189 gold pieces
  5615 | D:5      | Identified the cursed +0 leather armour of Objectivity {+Blink rElec Str-3} (You bought it in a shop on level 5 of the Dungeon)
  5657 | D:5      | Reached skill level 6 in Armour
  5955 | D:6      | Reached XP level 9. HP: 69/69 MP: 9/9
  5996 | D:6      | Reached skill level 5 in Long Blades
  5997 | D:6      | Reached skill level 6 in Fighting
  6018 | D:6      | Found a staircase to the Ecumenical Temple.
  6027 | Temple   | Entered the Ecumenical Temple
  6081 | Temple   | Became a worshipper of Warmaster Okawaru
  6157 | D:6      | Found Ryupn's Food Shop.
  6453 | D:6      | Reached skill level 7 in Shields
  6522 | D:6      | Gained mutation: You have sharp toenails. [mutagenic meat]
  6523 | D:6      | Gained mutation: Your body sometimes deteriorates upon taking damage. [mutagenic meat]
  6524 | D:6      | Gained mutation: Your system is resistant to poisons. [mutagenic meat]
  6525 | D:6      | Gained mutation: Armour fits poorly on your strangely shaped body. [mutagenic meat]
  6554 | D:6      | Found a burning altar of Makhleb.
  6856 | D:6      | Found a shadowy altar of Dithmenos.
  6932 | D:7      | Found a snail-covered altar of Cheibriados.
  6942 | D:7      | Found a sacrificial altar of Ru.
  6958 | D:6      | Reached skill level 5 in Dodging
  6960 | D:6      | Reached * piety under Okawaru
  7048 | D:7      | Reached skill level 7 in Armour
  7048 | D:7      | Reached skill level 1 in Invocations
  7246 | D:7      | Reached skill level 6 in Long Blades
  7246 | D:7      | Reached XP level 10. HP: 46/77 MP: 11/11
  7249 | D:7      | Noticed Menkaure
  7249 | D:7      | HP: 18/77 [orc priest/hand axe (2)]
  7250 | D:7      | HP: 2/77 [orc/wand of lightning (14)]
  7251 | D:7      | You fall through a shaft!
  7508 | D:8      | Noticed Psyche
  7515 | D:8      | Killed Psyche
  7515 | D:8      | Reached skill level 7 in Fighting
  7515 | D:8      | Reached skill level 2 in Invocations
  7694 | D:8      | Reached skill level 8 in Shields
  7751 | D:8      | Reached ** piety under Okawaru
  7754 | D:8      | Identified a scroll of acquirement
  7927 | D:8      | Noticed Prince Ribbit
  8339 | D:8      | Reached skill level 3 in Invocations
  8385 | D:8      | Noticed Pikel
  8396 | D:8      | Killed Pikel
  8396 | D:8      | Reached *** piety under Okawaru
  8504 | D:8      | Killed Prince Ribbit
  8504 | D:8      | Reached skill level 6 in Dodging
  8629 | D:7      | Killed Menkaure
  9100 | D:8      | Reached skill level 7 in Long Blades
  9110 | D:8      | Gained mutation: You are weak. (Str -2) [potion of mutation]
  9110 | D:8      | Gained mutation: Your spells are a little easier to cast, but a little less powerful. [potion of mutation]
  9110 | D:8      | Gained mutation: You have razor-sharp toenails. [potion of mutation]
  9187 | D:8      | Found a staircase to the Lair.
  9352 | D:8      | Reached skill level 4 in Invocations
  9362 | D:8      | Noticed Grum
  9374 | D:8      | Killed Grum
  9435 | D:8      | Reached **** piety under Okawaru
  9733 | D:8      | Took a swim in molten lava

Vault maps used:
D:1:      dpeg_arrival_radiant, serial_forest, infiniplex_forest_lined_3,
          infiniplex_forest_lined_room_2, infiniplex_forest_end_2,
          infiniplex_forest_lined_3, infiniplex_forest_straight_2, st_stairs_5,
          minmay_vboxes
D:2:      lemuel_round_altar, first_bread, minmay_lizard_king
D:3:      grunt_gozag_breadcrumbs, minmay_goblin_outpost
D:4:      kennysheep_goblin_castle, nicolae_overflow_hidden_temple,
          portal_sewer_entry_e, uniq_natasha, uniq_edmund
D:5:      kennysheep_mini_moat, basic_altar, serial_shops, shop
D:6:      lemuel_coloured_pillars_altar, lemuel_crystal_altar, temple_fountains,
          serial_shops, nicolae_shop_statue_plus
D:7:      old_standard_altar, basic_altar, grunt_ministairs_12,
          bh_walls_and_bars, uniq_menkaure
D:8:      minmay_weird_star, lair_0_dummy, hangedman_pestilent_swarm,
          uniq_psyche, uniq_prince_ribbit1, uniq_grum, uniq_pikel
Temple:   minmay_temple_curvy_8

Skill      XL: |  1  2  3  4  5  6  7  8  9 10 |
---------------+-------------------------------+-----
Dodging        | 1 2 3 4 5 6 |  6.2
Shields        | 4 5 6 7 8 |  8.9
Armour         | 4 5 6 7 |  7.9
Fighting       | 4 5 6 7 |  7.9
Long Blades    | 3 4 6 7 |  7.2
Invocations    | 1 4 |  4.5

Action                   |  1- 3 |  4- 6 |  7- 9 | 10-12 || total
-------------------------+-------+-------+-------+-------++-------
Melee: Long sword        |    79 |   252 |   192 |       ||   523
       Mace              |       |       |   189 |   212 ||   401
       Kick              |       |       |    32 |    88 ||   120
Throw: Stone             |       |     1 |     8 |    36 ||    45
Invok: Heroism           |       |       |       |     2 ||     2
 Abil: Shaft Self        |       |       |       |     1 ||     1
  Use: Scroll            |     2 |     8 |     4 |     4 ||    18
       Potion            |       |     9 |     1 |     5 ||    15
 Stab: Sleeping          |       |       |       |     3 ||     3
  Eat: Chunk             |     2 |     5 |    16 |     9 ||    32
       Fruit             |       |     1 |       |       ||     1
       Beef jerky        |       |     1 |       |       ||     1
Armor: Scale mail        |    25 |    46 |       |       ||    71
       Leather armour    |       |    51 |    72 |    15 ||   138
       Skin              |       |     7 |    30 |       ||    37
       Robe              |       |       |       |    15 ||    15
Dodge: Dodged            |    19 |   154 |   189 |   129 ||   491
Block: Shield            |    32 |   180 |   251 |   133 ||   596

Vault maps used:
D:1:      dpeg_arrival_radiant, serial_forest, infiniplex_forest_lined_3,
          infiniplex_forest_lined_room_2, infiniplex_forest_end_2,
          infiniplex_forest_lined_3, infiniplex_forest_straight_2, st_stairs_5,
          minmay_vboxes
D:2:      lemuel_round_altar, first_bread, minmay_lizard_king
D:3:      grunt_gozag_breadcrumbs, minmay_goblin_outpost
D:4:      kennysheep_goblin_castle, nicolae_overflow_hidden_temple,
          portal_sewer_entry_e, uniq_natasha, uniq_edmund
D:5:      kennysheep_mini_moat, basic_altar, serial_shops, shop
D:6:      lemuel_coloured_pillars_altar, lemuel_crystal_altar, temple_fountains,
          serial_shops, nicolae_shop_statue_plus
D:7:      old_standard_altar, basic_altar, grunt_ministairs_12,
          bh_walls_and_bars, uniq_menkaure
D:8:      minmay_weird_star, lair_0_dummy, hangedman_pestilent_swarm,
          uniq_psyche, uniq_prince_ribbit1, uniq_grum, uniq_pikel
Temple:   minmay_temple_curvy_8

Table legend:
 A = Turns spent in this place as a percentage of turns spent in the entire game.
 B = Non-inter-level travel turns spent in this place as a percentage of non-inter-level travel turns spent in the entire game.
 C = Inter-level travel turns spent in this place as a percentage of turns spent in this place.
 D = Turns resting spent in this place as a percentage of non-inter-level travel turns spent in this place.
 E = Turns spent auto-exploring this place as a percentage of non-inter-level travel turns spent in this place.
 F = Non-inter-level travel turns spent in this place divided by the number of levels of this place that you've seen.
                   A       B       C       D       E      F
               +-------+-------+-------+-------+-------+----------------------
         Total | 100.0 | 100.0 |   0.6 |   1.3 |   5.7 | 368.3
       Dungeon |  98.3 |  98.3 |   0.6 |   1.4 |   5.8 | 407.4
        Temple |   1.7 |   1.7 |   1.8 |   0.0 |   0.0 |  56.0
               +-------+-------+-------+-------+-------+----------------------

Table legend:
 A = Kills in this place as a percentage of kills in entire the game.
 B = Kills by you in this place as a percentage of kills by you in the entire game.
 C = Kills by friends in this place as a percentage of kills by friends in the entire game.
 D = Other kills in this place as a percentage of other kills in the entire game.
 E = Experience gained in this place as a percentage of experience gained in the entire game.
 F = Experience gained in this place divided by the number of levels of this place that you have seen.
                   A       B       C       D       E      F
               +-------+-------+-------+-------+-------+----------------------
         Total | 100.0 | 100.0 |  -nan |  -nan | 100.0 | 855.0
       Dungeon | 100.0 | 100.0 |  -nan |  -nan | 100.0 | 961.9
               +-------+-------+-------+-------+-------+----------------------
